 Dungeon Crawl Stone Soup version 0.17.1-1-g73c8601 (webtiles) character file.

21 penguinsfan71 the Stinger (level 2, 0/15 HPs)
             Began as a Deep Elf Venom Mage on Dec 18, 2015.
             Killed from afar by Natasha (4 damage)
             ... with a magic dart
             ... on level 2 of the Dungeon.
             The game lasted 00:08:04 (926 turns).

penguinsfan71 the Stinger (Deep Elf Venom Mage)      Turns: 926, Time: 00:08:04

Health: 0/15       AC:  2    Str:  5    XL:     2   Next: 62%
Magic:  4/8        EV: 13    Int: 19    God:
Gold:   37         SH:  0    Dex: 15    Spells: 2 memorised, 4 levels left

rFire  . . .     SeeInvis .     s - +0 falchion
rCold  . . .     Clarity  .     a - +0 robe
rNeg   + . .     SustAt   .     (no shield)
rPois  .         Gourm    .     (no helmet)
rElec  .         Spirit   .     (no cloak)
rCorr  .         Warding  +     (no gloves)
rMut   .         Stasis   .     (no boots)
MR     .....                    i - amulet of warding
Stlth  ++........               (no ring)
                                (no ring)

@: very slightly contaminated, slowed, very slow, not resistant to hostile
enchantments, unstealthy
A: no striking features
a: no special abilities


You were on level 2 of the Dungeon.
You were not hungry.

You visited 1 branch of the dungeon, and saw 2 of its levels.

You collected 37 gold pieces.

Inventory:

Hand Weapons
 d - a +0 club
 g - a +0 whip
 m - a +0 hunting sling
 n - a cursed -2 short sword
 o - a +0 dagger
 s - a +0 falchion (weapon)
Missiles
 e - 29 stones (quivered)
 f - 34 arrows
 j - 24 bolts
Armour
 a - a +0 robe (worn)
 h - a +0 cloak
Jewellery
 i - an amulet of warding (around neck)
Scrolls
 k - a scroll of immolation {unknown}
 r - a scroll of remove curse {unknown}
 t - a scroll of amnesia {unknown}
 u - 2 scrolls of random uselessness {unknown}
Potions
 l - a potion of degeneration {unknown}
Books
 b - a Young Poisoner's Handbook

   Spells                             Type                      Level
   a - Sting                          Conjuration/Poison           1
   b - Cure Poison                    Poison                       2
   c - Mephitic Cloud                 Conjuration/Poison/Air       3
   d - Olgreb's Toxic Radiance        Poison                       4
   e - Venom Bolt                     Conjuration/Poison           5
Comestibles
 c - 2 bread rations
 p - a meat ration
 q - a beef jerky


   Skills:
 + Level 0.1 Maces & Flails
 + Level 2.6 Dodging
 + Level 2.5 Stealth
 + Level 3.1 Spellcasting
 + Level 5.0 Poison Magic


You had 4 spell levels left.
You knew the following spells:

 Your Spells              Type           Power        Failure   Level  Hunger
a - Sting                 Conj/Pois      ##..         8%          1    None
b - Cure Poison           Pois           ###.......   3%          2    ##.....


Dungeon Overview and Level Annotations

Branches:
Dungeon (2/15)

Altars:

Annotations:
D:2 Natasha


Message History

You feel yourself slow down. The crimson imp completely misses you.
Casting: Sting
Confirm with . or Enter, or press ? or * to list all spells.
Aiming: Sting
Press: ? - help, Shift-Dir - straight line, f/p - Natasha
Aim: Natasha (severely wounded)
The sting misses Natasha.
The sting hits the iron imp.
The iron imp completely resists.
Natasha casts a spell at you. You resist with significant effort.
The crimson imp barely misses you. Natasha claws you but does no damage.
You closely miss Natasha.
Natasha is severely wounded.
The crimson imp blinks!
Natasha claws you.
* * * LOW HITPOINT WARNING * * *
Natasha wildly gestures.
You feel troubled.
Natasha stares at you and mumbles some strange words.
The magic dart hits you!
You die...

....# #.#.#.............#
.###..
#.#.#......#......#
####.##.......#.##...#..#
.........##.#.#.....#_#.#
........5##.#.#####..#..#
..........#.#...<.......#
#####..##.#......#.....##
##. #ยง######## ##### #.
#@# .. #h# ## #5. ....
.#..# #. .?# #. ..# #.
#.#


You could see an iron imp, Natasha and a crimson imp.

Vanquished Creatures
  A worm (D:2)
  A ball python (D:2)
  2 bats (D:1)
  3 hobgoblins (D:1)
  3 kobolds (D:1)
  A giant gecko (D:1)
  2 giant newts
  A goblin (D:1)
  4 rats
18 creatures vanquished.

Notes
Turn   | Place    | Note
--------------------------------------------------------------
     0 | D:1      | penguinsfan71 the Deep Elf Venom Mage began the quest for the Orb.
     0 | D:1      | Reached XP level 1. HP: 10/10 MP: 6/6
   429 | D:1      | Reached XP level 2. HP: 15/15 MP: 6/8
   435 | D:1      | Learned a level 2 spell: Cure Poison
   634 | D:2      | Found a faded altar to an unknown god.
   653 | D:2      | Reached skill level 5 in Poison Magic
   915 | D:2      | Noticed Natasha
   926 | D:2      | Killed from afar by Natasha

Action                   || total
-------------------------++-------
Melee: Club              ||    19
       Falchion          ||     9
 Cast: Sting             ||    31
